woodfighter, chaotic female orcish Cavewoman ---- -- |..-- .| |..<| .| ---..| .--- |...-- ...-- ---.--- ....| |...| --....| ---.--| ---.....-- |....)----........| - --......--........- -. ---...-............- -.......%...%.......-- |...(......).......-- ------------......)%...|..-- | -.....................[..---.----- ..---- --- ----------.................G......G..............| - -------.|.|....--.@......------- | ----|.......GG......| --...|..........| ...---.--.--..-- ----- --- -- --- woodfighter the Cave Teen Experience level: 3 Strength: 18 Dexterity: 15 Constitution: 18 Intelligence: 9 Wisdom: 9 Charisma: 7 Health: 0(33) Energy: 8(8) Def: 2 Gold: 83 Moves: 769 Dungeon seed: zteJaX7Giu2SjLlB Game ID: woodfighter_1474922669 Your Inventory: Coins $ - 83 gold pieces Weapons a - a +1 club (weapon in hand) b - a +2 sling (alternate weapon; not wielded) j - 14 blessed +1 arrows Armor n - an uncursed +0 dwarvish cloak q - an uncursed +0 leather armor (being worn) r - an uncursed +0 dwarvish cloak y - an uncursed +0 pair of iron shoes Comestibles c - 3 uncursed food rations f - an uncursed mango Scrolls d - an uncursed scroll of water g - 2 uncursed scrolls of scare monster i - an uncursed scroll of light Potions h - a blessed potion of healing k - an uncursed potion of booze Gems e - 10 uncursed flints (in quiver) Spells and supernatural/magical abilities: Name Level Category Fail Memory W - pray for help -- divine ? -- Your skills at the end: Miscellaneous Skills bare handed combat [Basic] Weapon Skills scimitar [Basic] club [Basic] sling [Basic] Spellcasting Skills Final Attributes: You were piously aligned. You were poison resistant. You had infravision. You were very stealthy. You are dead. Vanquished creatures: 2 dwarves 5 gnomes 5 jackals 3 newts a sewer rat a grid bug a lichen 18 creatures vanquished. Voluntary challenges: You did not adorn yourself with jewelry or accessories. You did not cause conflict. You were not invisible. You did not have reflection. You were not displaced. You were an atheist. You used a wielded weapon 21 times, starting on turn 187. You did not use tools. You did not use plumbed fixtures. You did not drink any magical draughts. You were illiterate. You never genocided any monsters. You never polymorphed an object. You never changed form. You used no wishes. You never split a pudding. You never wrote Elbereth's name. You never violated your personal moral code. Dungeon overview: The Dungeons of Doom: levels 1 to 3 Level 1 (locked box) an altar to Anshar, a fountain a long staircase Level 2 (open water + vault) a delicatessen stairs to The Gnomish Mines Level 3 The Gnomish Mines: Level 3 <- You were here stairs to The Dungeons of Doom History has recorded: On T:1 you entered the Dungeons of Doom to retrieve the Amulet of Yendor! On T:138 you reached level 2 of The Dungeons of Doom. On T:491 you reached level 3 of The Dungeons of Doom. On T:593 you reached level 1 of The Gnomish Mines. On T:729 you advanced to experience level 2. On T:741 you advanced to experience level 3. Score breakdown: Gold: 83 ( 8 points) Experience: 3 levels ( 200 points) Exploration: 3 levels ( 60 points) Discoveries: 8 items ( 400 points) Variety of kills: 7 monsters ( 350 points) Major goal: (nothing yet) ( 0 points) Survival: died (score multiplied by 3) Total score: 3054 Latest messages: The gnome picks up a pair of hard shoes. The gnome puts on a pair of hard shoes. You hit the dwarf! The dwarf thrusts her dagger at the cavewoman. The dwarf stabs you! You kill the dwarf! r - a hooded cloak. $ - 8 gold pieces. There are a few more objects here. y - a pair of hard shoes. You see here an orcish ring mail. You kill the gnome! k - an orange potion. There are a few more objects here. You see here an orcish ring mail. The gnome wields a crossbow! You hit the gnome! The gnome hurls a white potion! The vial crashes on your head and breaks into shards. Something seems to be holding you. The gnome punches you! (5x) You can move again. You hit the gnome. You kill the gnome! The gnome punches you! (2x) You die... Final status: Goodbye woodfighter the Cavewoman, killed by a gnome... You died in The Gnomish Mines on dungeon level 3 with 3054 points, and 83 pieces of gold, after 769 moves. You were level 3 with a maximum of 33 hit points when you died.